 Dungeon Crawl Stone Soup version 0.29.1-12-g30fa7ad0bf (webtiles) character file.

Game seed: 17681811659121917750

168 112233 the Ducker (level 5, 0/25 HPs)
             Began as a Felid Monk on Dec 22, 2022.
             Slain by a gnoll
             ... wielding a +0 flail
             ... led by a gnoll bouda
              (4 damage)
             ... on level 8 of the Dungeon.
             The game lasted 00:02:47 (4061 turns).

112233 the Ducker (Felid Monk)                      Turns: 4061, Time: 00:02:47

Health: 0/25       AC:  2    Str:  7    XL:     5   Next: 24%
Magic:  0/6        EV: 20    Int: 14    God:
Gold:   136        SH:  0    Dex: 18    Spells: 4/4 levels left
                                        Lives:  0   Deaths: 1

rFire   . . .      SeeInvis +     - Unarmed
rCold   . . .      Faith    .   (shield unavailable)
rNeg    . . .      Spirit   .   (body armour unavailable)
rPois   .          Reflect  .   (helmet unavailable)
rElec   .          Harm     .   (cloak unavailable)
rCorr   +          Rampage  .   (gloves unavailable)
Will    .....                   (boots unavailable)
Stlth   +++.......              (no amulet)
HPRegen 0.08/turn               g - ring of resist corrosion
MPRegen 0.10/turn               (no ring)

@: weakened, quick
A: very small, claws 1, fangs 3, see invisible, speed 1, shaggy fur 2, stealthy
paws, no weapons or thrown items, no armour, multi-lived
a: no special abilities


You were on level 8 of the Dungeon.
You visited 1 branch of the dungeon, and saw 8 of its levels.

You collected 136 gold pieces.

Inventory:

Jewellery
 f - a ring of ice
 g - a ring of resist corrosion (left paw)
Wands
 p - a wand of polymorph (11)
Scrolls
 b - a scroll of enchant weapon {unknown}
 e - 2 scrolls of immolation
 h - 2 scrolls of torment {unknown}
 i - a scroll of noise {unknown}
 j - a scroll of poison {unknown}
 k - a scroll of butterflies {unknown}
 l - 2 scrolls of teleportation {unknown}
 n - 2 scrolls of identify {unknown}
 o - 2 scrolls of magic mapping {unknown}
Potions
 a - a potion of ambrosia


   Skills:
 + Level 4.1 Fighting
 + Level 5.4 Dodging
 + Level 4.8 Stealth
 * Level 5.0 Unarmed Combat


You had 4 spell levels left.
You didn't know any spells.
Your spell library contained the following spells:

 Spells                   Type           Power      Damage    Failure   Level
 Fulminant Prism          Conj/Hex       0%         3d6       96%         4
 Iskenderun's Mystic Bla  Conj/Tloc      0%         2d3       96%         4
 Lee's Rapid Deconstruct  Erth           0%         3d5*      100%        5


Dungeon Overview and Level Annotations

Branches:
Dungeon (8/15)
 Temple: D:4-7         Lair: D:8-11

Altars:
Yredelemnul

Shops:
D:3 (

Annotations:
D:2 Sigmund
D:3 exclusion: upstairs
D:7 exclusion: upstairs


Innate Abilities, Weirdness & Mutations

You have sharp claws.
You have razor-sharp teeth.
You have supernaturally acute eyesight. (SInv)
You cover ground quickly. (Speed+)
You are covered in thick fur. (AC +2)
Your paws help you pounce on unaware monsters.
You are incapable of wielding weapons or throwing items.
You cannot wear armour.
You gain extra lives every three experience levels.


Message History

A gnoll bouda comes into view. It is wielding a +0 club.
A gnoll comes into view. It is wielding a +0 flail.
You closely miss the gnoll.
The gnoll shouts!
The gnoll barely misses you.
The gnoll shouts!
You barely miss the gnoll. The gnoll closely misses you.
The gnoll bouda gazes fiercely through you!
You feel your attacks grow feeble. The gnoll barely misses you.
You scratch the gnoll.
The gnoll is lightly wounded.
The gnoll completely misses you. The gnoll closely misses you.
The gnoll bouda completely misses you. The gnoll misses you.
The gnoll hits you with a +2 antimagic flail!
You feel your power leaking away.
Unknown command.
You scratch the gnoll bouda.
The gnoll bouda is lightly wounded.
The gnoll barely misses you. The gnoll bouda barely misses you.
The gnoll misses you. The gnoll closely misses you.
The gnoll barely misses you.
Unknown command.
You scratch the gnoll bouda but do no damage.
Your claw misses the gnoll bouda.
The gnoll bouda is lightly wounded.
The gnoll completely misses you. The gnoll hits you with a +0 flail.
The gnoll bouda barely misses you. The gnoll misses you.
The gnoll closely misses you.
You barely miss the gnoll bouda.
The gnoll bouda is lightly wounded.
Unknown command.
You scratch the gnoll bouda.
The gnoll bouda is moderately wounded.
The gnoll hits you with a +0 flail.
The gnoll hits you with a +2 antimagic flail.
* * * LOW HITPOINT WARNING * * *
The gnoll misses you. The gnoll hits you with a +0 flail.
You die...

#...............
##..............
#..............
#..............
#..............
##.............
..#............
......##.g......
...##.#.@g......
## ##.ggg......
##.....##.#
##...## .~ #..##
...# .... ##..


You could see a gnoll bouda and 4 gnolls.

Vanquished Creatures
  An ogre (D:6)
  A centaur (D:7)
  A phantom (D:7)
  2 adders
  A worm (D:3)
  4 dart slugs
  3 orcs
  5 endoplasms
  2 giant cockroaches (D:1)
  8 goblins
  A hobgoblin (D:1)
  9 kobolds
  2 quokkas
  6 ball pythons
  6 bats
  2 frilled lizards
  3 rats
57 creatures vanquished.

Vanquished Creatures (others)
  4 plants (D:2)
4 creatures vanquished.

Grand Total: 61 creatures vanquished

Notes
Turn   | Place    | Note
-------+----------+-------------------------------------------
     0 | D:1      | 112233 the Felid Monk began the quest for the Orb.
     0 | D:1      | Reached XP level 1. HP: 10/10 MP: 2/2
   344 | D:1      | Reached XP level 2. HP: 12/14 MP: 3/3
   690 | D:1      | Reached XP level 3. HP: 14/17 MP: 4/4
  1476 | D:3      | Found Xivolaaf's Weapon Shop.
  1743 | D:3      | Found a basalt altar of Yredelemnul.
  2511 | D:2      | Noticed Sigmund
  2577 | D:3      | Reached XP level 4. HP: 17/21 MP: 5/5
  3037 | D:4      | Noticed a phantom
  3271 | D:5      | Entered Level 5 of the Dungeon
  3272 | D:5      | Identified the +3 hand axe "Spiderslayer" {speed, rN+}
  3359 | D:6      | Noticed an ogre
  3362 | D:6      | Killed an ogre
  3363 | D:6      | Reached skill level 5 in Dodging
  3363 | D:6      | Reached XP level 5. HP: 14/25 MP: 6/6
  3653 | D:6      | Noticed a yak
  3653 | D:6      | Noticed a yak
  3653 | D:6      | Noticed a yak
  3653 | D:6      | Noticed a yak
  3655 | D:6      | Noticed a yak
  3690 | D:7      | Noticed a phantom
  3699 | D:7      | Killed a phantom
  3806 | D:7      | Noticed a centaur
  3816 | D:7      | Killed a centaur
  3817 | D:7      | Reached skill level 5 in Unarmed Combat
  3817 | D:7      | Gained mutation: You are covered in thick fur. (AC +2)
                  | [Felid growth]
  3817 | D:7      | Reached XP level 6. HP: 19/28 MP: 7/7
  4018 | D:7      | Noticed a steam dragon
  4045 | D:8      | Mangled by an orc
  4046 | D:8      | Reached XP level 5. HP: -6/25 MP: 6/6
  4061 | D:8      | Slain by a gnoll

Illustrated notes

Levels and vault maps discovered:
D:1:      dpeg_arrival_round_c, layout_loops_ring
D:2:      wad_lake_hut, layout_basic, shapermc_ecumenical_altar_rom_forum,
          uniq_sigmund
D:3:      layout_basic, lemuel_tele_altar, serial_shops,
          nicolae_shop_window_shopping
D:4:      layout_loops_corners, led_xom_imps,
          nicolae_wu_jian_immortal_techniques, serial_shops,
          nicolae_shop_window_shopping, hangedman_abyss_or_decor_lesser_grid
D:5:      layout_loops_corners, temple_pool_b
D:6:      layout_rooms, mainiacjoe_overflow_tiny_flanked,
          nicolae_overflow_crystal_walls, minmay_misc_feat_ornament,
          minmay_misc_feat_room
D:7:      layout_basic, minivault_26, minmay_mini_ossuary
D:8:      layout_layer_cave, erik_lair_dragon, serial_shops, shop,
          amcnicky_mini_rare_corridor_liquid

Skill      XL: |  1  2  3  4  5 |
---------------+----------------+-----
Stealth        | 3 4 |  4.8
Unarmed Combat | 4 5 |  5.0
Dodging        | 5 |  5.4
Fighting       | 4 |  4.1

Action                   |  1- 3 |  4- 6 || total
-------------------------+-------+-------++-------
Melee: Unarmed           |   114 |    37 ||   151
       Bite              |    11 |     2 ||    13
       Punch             |     2 |     1 ||     3
  Use: Potion            |       |     3 ||     3
       Scroll            |       |     1 ||     1
 Stab: Sleeping          |    10 |     6 ||    16
       Distracted        |     1 |       ||     1
Armor: Skin              |     7 |     2 ||     9
Dodge: Dodged            |    96 |    55 ||   151
